 Dungeon Crawl Stone Soup version 0.29-a0-243-g602b31c20e (webtiles) character file.

Game seed: 17188431301409738912

2 siradein the Caller (level 1, 0/13 HPs)
             Began as a Merfolk Summoner on Mar 4, 2022.
             Slain by a giant cockroach (2 damage)
             ... on level 1 of the Dungeon.
             The game lasted 00:00:27 (55 turns).

siradein the Caller (Merfolk Summoner)                Turns: 55, Time: 00:00:28

Health: 0/13       AC:  2    Str:  8    XL:     1   Next: 40%
Magic:  3/3        EV: 12    Int: 14    God:
Gold:   16         SH:  0    Dex: 14    Spells: 3/4 levels left

rFire   . . .      SeeInvis .   (no weapon)
rCold   . . .      Faith    .   (no shield)
rNeg    . . .      Spirit   .   a - +0 robe
rPois   .          Reflect  .   (no helmet)
rElec   .          Harm     .   (no cloak)
rCorr   .          Rampage  .   (no gloves)
Will    .....                   (no boots)
Stlth   ++........              (no amulet)
HPRegen 0.04/turn               (no ring)
MPRegen 0.08/turn               (no ring)

@: no status effects
A: (nimble swimmer 2), mertail
a: no special abilities


You were on level 1 of the Dungeon.
You visited 1 branch of the dungeon, and saw 1 of its levels.

You collected 16 gold pieces.

Inventory:

Armour
 a - a +0 robe (worn)
Scrolls
 b - a scroll of acquirement {unknown}
 c - a scroll of teleportation {unknown}


   Skills:
 - Level 2.6 Dodging
 - Level 2.1 Stealth
 + Level 2.1 Spellcasting
 + Level 4.0 Summonings


You had 3 spell levels left.
You knew the following spells:

 Your Spells              Type           Power      Damage    Failure   Level
a - Summon Small Mammal   Summ           48%        N/A       4%          1

Your spell library contained the following spells:

 Spells                   Type           Power      Damage    Failure   Level
 Call Imp                 Summ           12%        N/A       7%          2
 Call Canine Familiar     Summ           12%        N/A       13%         3
 Summon Guardian Golem    Hex/Summ       7%         N/A       30%         3
 Summon Lightning Spire   Summ/Air       7%         N/A       71%         4


Dungeon Overview and Level Annotations

Branches:
Dungeon (1/15)

Altars:


Innate Abilities, Weirdness & Mutations

((You are very nimble when in or above water. (Stealth+, EV+, Speed+++)))
Your lower body shifts to a powerful aquatic tail in water.


Message History

You hit the giant cockroach but do no damage.
The giant cockroach is heavily wounded.
Your bat hits the giant cockroach. The giant cockroach bites you.
You closely miss the giant cockroach.
The giant cockroach is heavily wounded.
Your bat hits the giant cockroach but does no damage.
The giant cockroach misses you.
Your bat barely misses the giant cockroach.
You barely miss the giant cockroach.
The giant cockroach is moderately wounded.
Your bat barely misses the giant cockroach.
The giant cockroach bites you but does no damage.
You closely miss the giant cockroach.
The giant cockroach is moderately wounded.
Your bat barely misses the giant cockroach.
The giant cockroach bites you but does no damage.
The giant cockroach bites you.
You hit the giant cockroach but do no damage.
The giant cockroach is moderately wounded.
Your bat hits the giant cockroach but does no damage.
The giant cockroach bites you.
* * * LOW HITPOINT WARNING * * *
You barely miss the giant cockroach.
The giant cockroach is moderately wounded.
Your bat barely misses the giant cockroach.
The giant cockroach closely misses you.
You barely miss the giant cockroach.
The giant cockroach is moderately wounded.
Your bat hits the giant cockroach but does no damage.
The giant cockroach bites you.
* * * LOW HITPOINT WARNING * * *
You hit the giant cockroach but do no damage.
The giant cockroach is moderately wounded.
Your bat hits the giant cockroach.
The giant cockroach bites you but does no damage.
You hit the giant cockroach but do no damage.
The giant cockroach is heavily wounded.
Your bat closely misses the giant cockroach.
The giant cockroach bites you.
You die...

#. ###.##
#.....
#.....## #
.......# .#
#[.....###.##
#.......bB..#
#..@...#
#......#
#†#.####
#.#.##
#....#####
#.##..#......
#..........#
#.###.####.#
# #.# .#


You could see a giant cockroach (ally target) and a friendly bat (summoned).

Vanquished Creatures
  A bat (D:1)
1 creature vanquished.

Vanquished Creatures (collateral kills)
  An endoplasm (D:1)
1 creature vanquished.

Grand Total: 2 creatures vanquished

Notes
Turn   | Place    | Note
-------+----------+-------------------------------------------
     0 | D:1      | siradein the Merfolk Summoner began the quest for the Orb.
     0 | D:1      | Reached XP level 1. HP: 13/13 MP: 3/3
    55 | D:1      | Slain by a giant cockroach

Illustrated notes

Levels and vault maps discovered:
D:1:      giann_forest_graveyard, layout_loops_ring,
          chequers_ecumenical_altar_simple, chequers_serial_rivers_large_a

Action                   || total
-------------------------++-------
Melee: Unarmed           ||    21
 Cast: Summon Small Mamm ||     2
 Stab: Sleeping          ||     2
Armor: Robe              ||     5
Dodge: Dodged            ||    14

Table legend: (Time is in decaauts)
 A = Elapsed time spent in this place.
 B = Non-inter-level travel time spent in this place.
 C = Inter-level travel time spent in this place.
 D = Time resting spent in this place.
 E = Time spent auto-exploring this place.
 F = Levels seen in this place.
 G = Mean time per level.
                   A        B        C        D        E       F      G
               +--------+--------+--------+--------+--------+-----+--------+
         Total |     55 |     55 |      0 |      0 |     12 |   1 |   55.0 |
       Dungeon |     55 |     55 |      0 |      0 |     12 |   1 |   55.0 |
               +--------+--------+--------+--------+--------+-----+--------+

Top non-repeatable levels by time:
     D:1: 55 daAuts
